Map: Baie du Roi EC

Players

Astrapilot - Winner!

  • Race: Zerg Zerg
  • League: Diamond
  • Spawn Location: 11:00

Sorandom

  • Race: Zerg Zerg
  • League: Diamond
  • Spawn Location: 5:00

VOD

Have the link to the VOD?

Description

Time

  • Played on: April 9, 2019, 4:21 p.m.
  • Length: 4:08
Show
View Real Time Build Order
Export as new Build Order

Astrapilot Zerg - Winner!

Build Orders: Pool First 

Get SALT Encoding   

  12  0:19  Spawning Pool  
  11  0:23  Drone  
  12  0:28  Drone  
  13  0:37  Overlord  
  13  0:51  Drone  
  14  1:07  Zergling x6  
  14  1:08  Queen  
  19  1:19  Zergling x2  
  20  1:37  Hatchery  
  19  1:45  Drone x2  
  21  1:50  Extractor  
  21  1:51  Drone  
  21  2:05  Spine Crawler, Drone  
  21  2:17  Zergling x2  
  21  2:20  Zergling x2  
  20  2:29  Zergling x4  
  3  3:20  Drone x3  
  3  3:26  Queen  
  8  3:47  Drone  
Show
View Real Time Build Order
Export as new Build Order

Sorandom Zerg 

Build Orders: Pool Only 

Get SALT Encoding   

  12  0:01  Drone  
  13  0:24  Spawning Pool  
  12  0:30  Overlord  
  12  0:35  Drone  
  13  0:40  Drone  
  14  1:11  Zergling x6  
  17  1:23  Zergling x2  
  18  1:33  Zergling x2  
  19  1:44  Zergling x2  
  20  1:55  Spine Crawler x2  
  20  1:57  Zergling x2  
  16  2:26  Zergling x2  
Tags
 
Matchup
ZvZ
Race
Zerg
Replay Pack
Pack 2
Spawn Locations
Cross Positions
Add a new tag
Caveats
  • Supply blocks, unpowered buildings, or Contaminate may cause inaccurate times.
  • Supply counts are checked every 10 seconds.